PAAA
BANGOR TRIDENT BASE OGRES @ CALGARY LYNX
07/18/2023
 
TOP OF THE 1ST
Bangor Trident Base Ogres batting - Pitching for Calgary Lynx : RHP Ánibal Sánchez
Pitching: RHP Ánibal Sánchez
Batting: SHB Juan Ortega 0-0: Called Strike
0-1: DOUBLE (Line Drive, 3L)
Batting: RHB Augusto Rocha 0-0: Ball
1-0: Ball
2-0: Called Strike
2-1: Swinging Strike
2-2: Strikes out swinging
Batting: RHB Mike Lyon 0-0: Called Strike
0-1: Ball
1-1: Called Strike
1-2: Ground out 6-3 (Groundball, 6)
Juan Ortega to third
Batting: LHB Michael Smith 0-0: Called Strike
0-1: 2-RUN HOME RUN (Flyball, 9LD), Distance : 333 ft
Batting: RHB Tom Baker 0-0: Fly out, F9 (Flyball, 89S)
Top of the 1st over - 2 run(s), 2 hit(s), 0 error(s), 0 left on base; Bangor Trident Base 2 - Calgary 0
BOTTOM OF THE 1ST
Calgary Lynx batting - Pitching for Bangor Trident Base Ogres : RHP Grant White
Pitching: RHP Grant White
Batting: RHB Darren Tomlinson 0-0: Called Strike
0-1: Foul Ball, location: 2F
0-2: Fly out, F7 (Flyball, 7D)
Batting: RHB David Ramírez 0-0: Fly out, F7 (Flyball, 78S)
Batting: LHB Rufo Flores 0-0: Ball
1-0: Swinging Strike
1-1: Called Strike
1-2: Foul Ball, location: 2F
1-2: Ball
2-2: Strikes out swinging
Bottom of the 1st over - 0 run(s), 0 hit(s), 0 error(s), 0 left on base; Bangor Trident Base 2 - Calgary 0
TOP OF THE 2ND
Bangor Trident Base Ogres batting - Pitching for Calgary Lynx : RHP Ánibal Sánchez
Batting: RHB Sang-yeon Kim 0-0: Called Strike
0-1: Ball
1-1: Fly out, F9 (Line Drive, 9S)
Batting: RHB Johnny Foster 0-0: Ball
1-0: Ball
2-0: Ground out 5-3 (Groundball, 56)
Batting: RHB Gerardo Castillo 0-0: Foul Ball, location: 2F
0-1: Swinging Strike
0-2: Ball
1-2: Strikes out swinging
Top of the 2nd over - 0 run(s), 0 hit(s), 0 error(s), 0 left on base; Bangor Trident Base 2 - Calgary 0
BOTTOM OF THE 2ND
Calgary Lynx batting - Pitching for Bangor Trident Base Ogres : RHP Grant White
Batting: RHB Jian-zhang Phan 0-0: Ball
1-0: Foul Ball, location: 2F
1-1: Ball
2-1: Foul Ball, location: 2F
2-2: Ground out 5-3 (Groundball, 5L)
Batting: RHB Harris Harden 0-0: Called Strike
0-1: Foul Ball, location: 2F
0-2: Ball
1-2: Ball
2-2: Ball
3-2: Fly out, F8 (Flyball, 8LXD)
Batting: RHB Ray Porch 0-0: Ball
1-0: Swinging Strike
1-1: Fly out, F8 (Flyball, 8LXD)
Bottom of the 2nd over - 0 run(s), 0 hit(s), 0 error(s), 0 left on base; Bangor Trident Base 2 - Calgary 0
TOP OF THE 3RD
Bangor Trident Base Ogres batting - Pitching for Calgary Lynx : RHP Ánibal Sánchez
Batting: SHB Bill Becker 0-0: Ball
1-0: Ball
2-0: Called Strike
2-1: Ground out 6-3 (Groundball, 6)
Batting: SHB Juan Ortega 0-0: SINGLE (Line Drive, 4MD)
Batting: RHB Augusto Rocha 0-0: Ball
Juan Ortega steals 2nd base
1-0: Fly out, F9 (Flyball, 89M)
Runner from 2nd tags up, SAFE at 3rd with throw
Batting: RHB Mike Lyon 0-0: Foul Ball, location: 2F
0-1: Ball
1-1: Swinging Strike
1-2: Ball
2-2: Fly out, F8 (Flyball, 89M)
Top of the 3rd over - 0 run(s), 1 hit(s), 0 error(s), 1 left on base; Bangor Trident Base 2 - Calgary 0
BOTTOM OF THE 3RD
Calgary Lynx batting - Pitching for Bangor Trident Base Ogres : RHP Grant White
Batting: SHB Tom Craft 0-0: Ground out 6-3 (Groundball, 6)
Batting: RHB John Huff 0-0: Ball
1-0: Ball
2-0: Ball
3-0: Called Strike
3-1: SINGLE (Line Drive, 4D)
Batting: RHB Emílio Ortíz 0-0: Ball
1-0: Ball
2-0: Called Strike
2-1: Ball
3-1: Foul Ball, location: 2F
3-2: Base on Balls
John Huff to second
Batting: RHB Darren Tomlinson 0-0: Ball
1-0: Ball
2-0: Ball
3-0: Called Strike
3-1: SINGLE (Groundball, 4MD)
John Huff to third
Emílio Ortíz to second
Runner from 3rd tries for Home, SAFE, throw made home
Emílio Ortíz to third
Darren Tomlinson to second
Batting: RHB David Ramírez 0-0: Ball
1-0: Ball
2-0: Ball
3-0: Base on Balls
Batting: LHB Rufo Flores 0-0: Ball
1-0: Foul Ball, location: 2F
1-1: Ground out U3 (Groundball, 3S)
Emílio Ortíz scores
Darren Tomlinson to third
David Ramírez to second
Batting: RHB Jian-zhang Phan 0-0: Fly out, F9 (Flyball, 9M)
Bottom of the 3rd over - 2 run(s), 2 hit(s), 0 error(s), 2 left on base; Bangor Trident Base 2 - Calgary 2
TOP OF THE 4TH
Bangor Trident Base Ogres batting - Pitching for Calgary Lynx : RHP Ánibal Sánchez
Batting: LHB Michael Smith 0-0: Foul Ball, location: 2F
0-1: Ball
1-1: Ball
2-1: Swinging Strike
2-2: Foul Ball, location: 2F
2-2: Ball
3-2: Foul Ball, location: 2F
3-2: Strikes out swinging
Batting: RHB Tom Baker 0-0: Ball
1-0: Ball
2-0: Foul Ball, location: 2F
2-1: Ball
3-1: Called Strike
3-2: SINGLE (Groundball, 13) (infield hit)
Batting: RHB Sang-yeon Kim 0-0: Ball
1-0: Ball
2-0: Called Strike
2-1: Ball
3-1: Base on Balls
Tom Baker to second
Batting: RHB Johnny Foster 0-0: SINGLE (Line Drive, 7S)
Tom Baker to third
Sang-yeon Kim to second
Runner from 3rd tries for Home, SAFE, throw made home
Batting: RHB Gerardo Castillo 0-0: Ball
1-0: Ball
2-0: Called Strike
2-1: Swinging Strike
2-2: Ball
3-2: Grounds into double play, 1-6-3 (Groundball, 15)
Top of the 4th over - 1 run(s), 2 hit(s), 0 error(s), 1 left on base; Bangor Trident Base 3 - Calgary 2
BOTTOM OF THE 4TH
Calgary Lynx batting - Pitching for Bangor Trident Base Ogres : RHP Grant White
Batting: RHB Harris Harden 0-0: Called Strike
0-1: Fly out, F7 (Flyball, 7M)
Batting: RHB Ray Porch 0-0: Ball
1-0: Foul Ball, location: 2F
1-1: Swinging Strike
1-2: Ball
2-2: Ball
3-2: Foul Ball, location: 2F
3-2: Base on Balls
Batting: SHB Tom Craft 0-0: Ball
1-0: SINGLE (Line Drive, 56D)
Ray Porch to second
Batting: RHB John Huff 0-0: Ball
1-0: Ball
2-0: Called Strike
2-1: Ball
3-1: Foul Ball, location: 2F
3-2: Foul Ball, location: 2F
3-2: Base on Balls
Ray Porch to third
Tom Craft to second
Batting: RHB Emílio Ortíz 0-0: Called Strike
0-1: Called Strike
0-2: Ball
1-2: Ball
2-2: Foul Ball, location: 2F
2-2: Foul Ball, location: 2F
2-2: Ball
3-2: Fly out, F4 (Popup, 4D)
Batting: RHB Darren Tomlinson 0-0: GRAND SLAM HOME RUN (Flyball, 9D), Distance : 348 ft
Batting: RHB David Ramírez 0-0: Called Strike
0-1: Ball
1-1: Swinging Strike
1-2: Ball
2-2: Foul Ball, location: 2F
2-2: Foul Ball, location: 2F
2-2: Ball
3-2: Ground out 6-3 (Groundball, 6)
Bottom of the 4th over - 4 run(s), 2 hit(s), 0 error(s), 0 left on base; Bangor Trident Base 3 - Calgary 6
TOP OF THE 5TH
Bangor Trident Base Ogres batting - Pitching for Calgary Lynx : RHP Ánibal Sánchez
Batting: SHB Bill Becker 0-0: Ball
1-0: Called Strike
1-1: Swinging Strike
1-2: Strikes out swinging
Batting: SHB Juan Ortega 0-0: Ball
1-0: Ball
2-0: Fly out, F7 (Flyball, 78M)
Batting: RHB Augusto Rocha 0-0: Ball
1-0: Ball
2-0: Called Strike
2-1: Swinging Strike
2-2: Foul Ball, location: 2F
2-2: Foul Ball, location: 2F
2-2: Ball
3-2: Base on Balls
Batting: RHB Mike Lyon 0-0: Fly out, F4 (Popup, 4D)
Top of the 5th over - 0 run(s), 0 hit(s), 0 error(s), 1 left on base; Bangor Trident Base 3 - Calgary 6
BOTTOM OF THE 5TH
Calgary Lynx batting - Pitching for Bangor Trident Base Ogres : RHP Grant White
Batting: LHB Rufo Flores 0-0: Ball
1-0: Ground out 3-1 (Groundball, 3L)
Batting: RHB Jian-zhang Phan 0-0: Called Strike
0-1: Called Strike
0-2: Ball
1-2: Foul Ball, location: 2F
1-2: Fly out, F9 (Flyball, 89D)
Batting: RHB Harris Harden 0-0: Foul Ball, location: 2F
0-1: Ball
1-1: Swinging Strike
1-2: Strikes out looking
Bottom of the 5th over - 0 run(s), 0 hit(s), 0 error(s), 0 left on base; Bangor Trident Base 3 - Calgary 6
TOP OF THE 6TH
Bangor Trident Base Ogres batting - Pitching for Calgary Lynx : RHP Ánibal Sánchez
Batting: LHB Michael Smith 0-0: Called Strike
0-1: Ball
1-1: Ground out 4-3 (Groundball, 4)
Batting: RHB Tom Baker 0-0: Ball
1-0: Called Strike
1-1: Called Strike
1-2: Strikes out swinging
Batting: RHB Sang-yeon Kim 0-0: Called Strike
0-1: Foul Ball, location: 2F
0-2: Ball
1-2: Foul Ball, location: 2F
1-2: Ball
2-2: Ground out 4-3 (Groundball, 4)
Top of the 6th over - 0 run(s), 0 hit(s), 0 error(s), 0 left on base; Bangor Trident Base 3 - Calgary 6
BOTTOM OF THE 6TH
Calgary Lynx batting - Pitching for Bangor Trident Base Ogres : RHP Grant White
Batting: RHB Ray Porch 0-0: Ball
1-0: Swinging Strike
1-1: Foul Ball, location: 2F
1-2: Ball
2-2: Ball
3-2: Fly out, F9 (Flyball, 9S)
Batting: SHB Tom Craft 0-0: Called Strike
0-1: Swinging Strike
0-2: Strikes out swinging
Batting: RHB John Huff 0-0: Ball
1-0: Ball
2-0: SINGLE (Groundball, 15S) (infield hit)
Pitching: RHP Rubén Sánchez
Batting: RHB Emílio Ortíz 0-0: Fly out, F9 (Flyball, 89S)
Bottom of the 6th over - 0 run(s), 1 hit(s), 0 error(s), 1 left on base; Bangor Trident Base 3 - Calgary 6
TOP OF THE 7TH
Bangor Trident Base Ogres batting - Pitching for Calgary Lynx : RHP Ánibal Sánchez
Batting: RHB Johnny Foster 0-0: Called Strike
0-1: Swinging Strike
0-2: Ball
1-2: Ball
2-2: Foul Ball, location: 2F
2-2: Strikes out looking
Batting: RHB Gerardo Castillo 0-0: Called Strike
0-1: Ball
1-1: DOUBLE (Groundball, 3L)
Pitching: RHP Francis Cahill
Batting: SHB Bill Becker 0-0: Swinging Strike
0-1: Swinging Strike
0-2: Ball
1-2: Strikes out swinging
Batting: SHB Juan Ortega 0-0: Called Strike
0-1: Ball
1-1: Ball
2-1: Called Strike
2-2: Ball
3-2: Ground out 4-3 (Groundball, 4M)
Top of the 7th over - 0 run(s), 1 hit(s), 0 error(s), 1 left on base; Bangor Trident Base 3 - Calgary 6
BOTTOM OF THE 7TH
Calgary Lynx batting - Pitching for Bangor Trident Base Ogres : RHP Rubén Sánchez
Batting: RHB Darren Tomlinson 0-0: Ball
1-0: Ball
2-0: Foul Ball, location: 2F
2-1: Ball
3-1: Called Strike
3-2: Ground out 6-3 (Groundball, 6)
Batting: RHB David Ramírez 0-0: Ball
1-0: Ground out 4-3 (Groundball, 34)
Batting: LHB Rufo Flores 0-0: Ball
1-0: Called Strike
1-1: Ball
2-1: Ground out U3 (Groundball, 3S)
Bottom of the 7th over - 0 run(s), 0 hit(s), 0 error(s), 0 left on base; Bangor Trident Base 3 - Calgary 6
TOP OF THE 8TH
Bangor Trident Base Ogres batting - Pitching for Calgary Lynx : RHP Francis Cahill
Batting: RHB Augusto Rocha 0-0: Called Strike
0-1: Ball
1-1: Foul Ball, location: 2F
1-2: Ball
2-2: Ground out 5-3 (Groundball, 56)
Batting: RHB Mike Lyon 0-0: DOUBLE (Groundball, 5L)
Pitching: LHP Will Savage
Batting: LHB Michael Smith 0-0: Ball
1-0: SINGLE (Line Drive, 34)
Mike Lyon to third
Pitching: RHP Clancy McKinney
Batting: RHB Tom Baker 0-0: Called Strike
0-1: Fly out, F8 (Flyball, 8LM)
Batting: RHB Sang-yeon Kim 0-0: Ball
1-0: Ball
2-0: SINGLE (Line Drive, 56D)
Mike Lyon scores
Michael Smith to second
Pinch Runner at 2nd Kent Roberts:
Batting: RHB Johnny Foster 0-0: Ball
1-0: Called Strike
1-1: Ball
2-1: SINGLE (Groundball, 56D)
Kent Roberts to third
Sang-yeon Kim to second
Runner from 3rd tries for Home, SAFE, no throw or cutoff
Batting: RHB Gerardo Castillo 0-0: Called Strike
0-1: Called Strike
0-2: Ball
1-2: Foul Ball, location: 2F
1-2: Ball
2-2: Foul Ball, location: 2F
2-2: Foul Ball, location: 2F
2-2: Foul Ball, location: 2F
2-2: Strikes out swinging
Top of the 8th over - 2 run(s), 4 hit(s), 0 error(s), 2 left on base; Bangor Trident Base 5 - Calgary 6
BOTTOM OF THE 8TH
Calgary Lynx batting - Pitching for Bangor Trident Base Ogres : RHP Rubén Sánchez
Now at 1B: Ken Fulton
Batting: RHB Jian-zhang Phan 0-0: Ball
1-0: Called Strike
1-1: Foul Ball, location: 2F
1-2: Fly out, F5 (Line Drive, 5)
Batting: RHB Harris Harden 0-0: Ball
1-0: Fly out, F8 (Popup, 89S)
Batting: RHB Ray Porch 0-0: Ball
1-0: Called Strike
1-1: Swinging Strike
1-2: Strikes out swinging
Bottom of the 8th over - 0 run(s), 0 hit(s), 0 error(s), 0 left on base; Bangor Trident Base 5 - Calgary 6
TOP OF THE 9TH
Bangor Trident Base Ogres batting - Pitching for Calgary Lynx : RHP Clancy McKinney
Pitching: RHP Bill Schneider
Batting: SHB Bill Becker 0-0: Ground out 4-3 (Groundball, 4M)
Batting: SHB Juan Ortega 0-0: Ball
1-0: Ball
2-0: Ball
3-0: Base on Balls
Batting: RHB Augusto Rocha 0-0: Foul Ball, location: 2F
0-1: Ball
1-1: Swinging Strike
1-2: Fly out, F3 (Popup, 3SF)
Batting: RHB Mike Lyon 0-0: Ball
1-0: Fly out, F3 (Popup, 3SF)
Top of the 9th over - 0 run(s), 0 hit(s), 0 error(s), 1 left on base; Bangor Trident Base 5 - Calgary 6
This league is powered by Out of the Park Baseball, the baseball management simulation game for PC, Mac and Linux
Friday, July 8th, 2016 - OOTP Baseball 16.9 Build 39